 Dungeon Crawl Stone Soup version 0.27.1-33-g824d729ab1 (console) character file.

Game seed: 737606821868189390

74 Banquo the Insei (level 4, -2/36 HPs)
             Began as a Djinni Monk on Dec 5, 2021.
             Was a Priest of Elyvilon.
             Slain by an orc (8 damage)
             ... on level 3 of the Dungeon.
             The game lasted 00:07:45 (3136 turns).

Banquo the Insei (Djinni Monk)                      Turns: 3136, Time: 00:07:46

Health: -2/36      AC:  2    Str: 10    XL:     4   Next: 54%
Gold:   85         EV: 13    Int: 12    God:    Elyvilon [***...] SH:  0 Dex: 16

rFire    + + .     SeeInvis .     - Unarmed
rCold    x . .     Faith    .   (no shield)
rNeg     . . .     Spirit   .   a - +0 robe
rPois    ∞         Reflect  .   (no helmet)
rElec    .         Harm     .   (no cloak)
rCorr    .         Rampage  .   (no gloves)
Will     .....                  (boots unavailable)
Stlth    +.........             (no amulet)
HPRegen  0.12/turn              (no ring)
MPRegen  0.00/turn              (no ring)

@: confused, flying
A: sickness immunity, fire resistance 2, cold vulnerability 1, float, innate
caster, hp casting, extra vitality 1
a: Renounce Religion, Lesser Healing, Heal Other, Purification, Divine
Protection


You were on level 3 of the Dungeon.
You worshipped Elyvilon.
Elyvilon was most pleased with you.
You visited 1 branch of the dungeon, and saw 3 of its levels.

You collected 85 gold pieces.

Inventory:

Hand Weapons
 b - a +0 dagger
 d - a +4 dagger
 o - a +2 short sword of venom
Missiles
 e - 48 stones
 g - 5 boomerangs (quivered)
Armour
 a - a +0 robe (worn)
Scrolls
 j - 2 scrolls of teleportation {unknown}
 m - a scroll of noise {unknown}
 n - a scroll of enchant weapon {unknown}
 p - 3 scrolls of fear {unknown}
 q - a scroll of immolation {unknown}
Potions
 c - a potion of lignification {unknown}
 f - 2 potions of heal wounds {unknown}
 h - a potion of curing {unknown}
 i - a potion of flight {unknown}
 k - a potion of berserk rage {unknown}
 l - a potion of invisibility {unknown}


   Skills:
 * Level 3.6 Fighting
 - Level 3.2 Dodging
 - Level 1.5 Stealth
 * Level 4.2 Unarmed Combat
 * Level 0.8 Spellcasting
 * Level 0.4 Invocations


You had 3 spell levels left.
You knew the following spells:

 Your Spells              Type           Power      Damage    Failure   Level
a - Summon Small Mammal   Summ           8%         N/A       22%         1
Your spell library was empty.

Dungeon Overview and Level Annotations

Branches:
Dungeon (3/15)

Altars:
Elyvilon
Trog


Innate Abilities, Weirdness & Mutations

You are immune to sickness and miasma.
You are immune to poison.
Your flesh is very heat resistant. (rF++)
You are vulnerable to cold. (rC-)
You float through the air rather than walking.
You learn spells naturally, not from books.
Your magical power is your life essence.
You have superior vitality. (+4 HP)


Message History

You hit the orc wizard but do no damage.
The orc wizard hits you with a +0 dagger.
You hit the orc wizard.
The orc wizard is moderately wounded.
Something hits you.
You hit the orc wizard.
The orc wizard is moderately wounded.
The orc wizard hits you with a +0 dagger.
Something completely misses you. The orc closely misses you.
You barely miss the orc wizard.
The orc wizard is moderately wounded.
The bat hits you but does no damage. The orc wizard completely misses you.
You hear some strange, mumbled words.
Something tries to affect you, but you resist.
The orc closely misses you.
You barely miss the orc wizard.
The orc wizard is moderately wounded.
The bat hits you.
The orc wizard hits you with a +0 dagger.
Something hits you but does no damage. The orc hits you with a +0 flail.
You barely miss the orc wizard. Your punch misses the orc wizard.
The orc wizard is moderately wounded.
The bat hits you but does no damage. The orc wizard misses you.
You hear some strange, mumbled words.
You are confused.
The orc hits you with a +0 flail.
* * * LOW HITPOINT WARNING * * *
The bat hits you.
* * * LOW HITPOINT WARNING * * *
Something barely misses you.
Unknown command.
You punch the orc wizard!
The orc wizard is almost dead.
The bat hits you but does no damage. The bat hits you.
* * * LOW HITPOINT WARNING * * *
The orc wizard casts a spell at you. You resist with some effort.
Something hits you.
* * * LOW HITPOINT WARNING * * *
The orc hits you with a +0 flail!
You die...

#.##.. ..# # #.# .b.
....# +. #.# ...
..... #.####'###
...### #.$......#
#..≈≈≈≈
#........###..≈≈≈≈≈
#............≈≈≈≈≈≈
##........)o.o≈≈≈≈≈#
............@≈≈≈≈≈#
....##.......b..≈≈.#
.... #........≈.≈≈≈#
.>. #######...≈≈≈..
## #.≈≈≈≈≈?.
#..≈≈.... ##.≈..≈.#
≈≈.≈≈.#


You could see an orc wizard, an orc and a bat.

Vanquished Creatures
  Terence (D:2)
  A worm (D:2)
  3 dart slugs (D:2)
  2 orcs
  4 ball pythons
  5 endoplasms
  3 giant cockroaches
  4 goblins (D:1)
  5 hobgoblins
  4 jackals (D:1)
  2 bats
  2 frilled lizards
  2 kobolds
  2 rats
40 creatures vanquished.

Notes
Turn   | Place    | Note
-------+----------+-------------------------------------------
     0 | D:1      | Banquo the Djinni Monk began the quest for the Orb.
     0 | D:1      | Reached XP level 1. HP: 20/20 MP: 0/0
   219 | D:1      | Reached XP level 2. HP: 25/25 MP: 0/0
   721 | D:1      | Reached XP level 3. HP: 30/30 MP: 0/0
   721 | D:1      | Learned a level 1 spell: Summon Small Mammal
  1150 | D:2      | Found a faded altar of an unknown god.
  1222 | D:2      | Became a worshipper of Elyvilon the Healer
  1222 | D:2      | Reached * piety under Elyvilon
  1222 | D:2      | Reached ** piety under Elyvilon
  1440 | D:2      | Noticed Terence
  1447 | D:2      | Reached *** piety under Elyvilon
  2214 | D:2      | Reached XP level 4. HP: 23/35 MP: 0/0
  2523 | D:2      | Killed Terence
  2524 | D:2      | Reached skill level 4 in Unarmed Combat
  2979 | D:3      | Found a bloodstained altar of Trog.
  3136 | D:3      | Slain by an orc

Illustrated notes

Levels and vault maps discovered:
D:1:      roderic_octagonal_star, layout_basic, hangedman_decor_opposing
D:2:      wander_river, layout_loops_corners, shapermc_ecumenical_altar_venn,
          uniq_terence
D:3:      layout_basic, pf_just_have_faith, vehumet_crystals, serial_rivers,
          chequers_serial_rivers_micro_d, chequers_serial_rivers_room_a,
          chequers_serial_rivers_small_3, chequers_serial_rivers_small_b,
          chequers_serial_rivers_large_a

Skill      XL: |  1  2  3  4 |
---------------+-------------+-----
Unarmed Combat | 4 |  4.2
Fighting       | |  3.6
Dodging        | |  3.2
Stealth        | |  1.5
Spellcasting   | |  0.8
Invocations    | |  0.4

Action                   |  1- 3 |  4- 6 || total
-------------------------+-------+-------++-------
Melee: Unarmed           |   126 |    44 ||   170
       Punch             |     2 |       ||     2
Throw: Boomerang         |       |     1 ||     1
 Cast: Summon Small Mamm |       |     9 ||     9
Invok: Heal Other        |     2 |       ||     2
 Stab: Sleeping          |     6 |     1 ||     7
Armor: Robe              |    11 |     9 ||    20
Dodge: Dodged            |    68 |    24 ||    92
